 Dungeon Crawl Stone Soup version 0.28.0-1-gb440e238dd (webtiles) character file.

Game seed: 17166338001900448064

154 pkoi the Conjurer (level 5, -1/38 HPs)
             Began as a Draconian Conjurer on Feb 25, 2022.
             Slain by Pikel (7 damage)
             ... on level 3 of the Dungeon.
             The game lasted 00:04:54 (6260 turns).

pkoi the Conjurer (Draconian Conjurer)              Turns: 6260, Time: 00:04:55

Health: -1/38      AC:  5    Str:  9    XL:     5   Next: 13%
Magic:  4/8        EV: 12    Int: 20    God:
Gold:   101        SH:  0    Dex: 10    Spells: 1/8 levels left

rFire   . . .      SeeInvis .   a - +0 dagger
rCold   . . .      Faith    .   (no shield)
rNeg    . . .      Spirit   .   (armour unavailable)
rPois   .          Reflect  .   (helmet restricted)
rElec   .          Harm     .   (no cloak)
rCorr   .          Rampage  .   (no gloves)
Will    .....                   (no boots)
Stlth   ++........              (no amulet)
HPRegen 0.12/turn               i - ring of wizardry
MPRegen 0.11/turn               (no ring)

@: no status effects
A: AC +5, unfitting armour, cold-blooded
a: no special abilities


You were on level 3 of the Dungeon.
You visited 1 branch of the dungeon, and saw 4 of its levels.

You collected 101 gold pieces.

Inventory:

Hand Weapons
 a - a +0 dagger (weapon)
Missiles
 c - 9 poisoned darts
 e - 5 curare-tipped darts
Jewellery
 i - a ring of wizardry (left hand)
Wands
 g - a wand of paralysis (12)
Scrolls
 f - 3 scrolls of identify {unknown}
 h - 5 scrolls of enchant weapon {unknown}
 k - a scroll of blinking {unknown}
Potions
 b - 2 potions of might {unknown}
 d - 2 potions of heal wounds {unknown}
 j - a potion of berserk rage {unknown}


   Skills:
 - Level 1.7 Dodging
 - Level 1.7 Stealth
 - Level 2.0 Spellcasting
 + Level 6.1 Conjurations
 + Level 1.7 Translocations


You had one spell level left.
You knew the following spells:

 Your Spells              Type           Power      Damage    Failure   Level
a - Magic Dart            Conj           100%       1d8       1%          1
b - Searing Ray           Conj           52%        2d6       1%          2
c - Iskenderun's Mystic   Conj/Tloc      17%        2d5       12%         4

Your spell library contained the following spells:

 Spells                   Type           Power      Damage    Failure   Level
 Sandblast                Erth           4%         2d4       6%          1
 Dazzling Flash           Conj/Hex       28%        N/A       6%          3
 Stone Arrow              Conj/Erth      28%        3d8       6%          3
 Passwall                 Tmut/Erth      1%         N/A       10%         2
 Fulminant Prism          Conj/Hex       7%         3d7       17%         4


Dungeon Overview and Level Annotations

Branches:
Dungeon (4/15)
 Temple: D:4-7

Altars:

Annotations:
D:3 Pikel
D:4 Menkaure


Innate Abilities, Weirdness & Mutations

Your plain brown scales are hard. (AC +5)
You cannot fit into any form of body armour.
You are cold-blooded and may be slowed by cold attacks.


Message History

You see here 15 stones.
Key pressed, stopping explore.
The magic dart hits Pikel but does no damage.
Pikel shouts!
You hear a shout!
The lemure shouts!
You see here a +0 dire flail.
(D) Dungeon
Where to? (Enter - D:3 @ (x,y), ? - help) Pikel says, "Hell isn't that bad."
You open the door.
There is an open door here.
Pikel hits you but does no damage.
There is a stone staircase leading up here.
Pikel hits you with a +1 whip of flaming!
* * * LOW HITPOINT WARNING * * *
Pikel burns you.
* * * LOW HITPOINT WARNING * * *
You climb upwards.
There is a stone staircase leading down here.
Casting: Magic Dart (safe; 1% risk of failure)
Confirm with . or Enter, or press ? or * to list all spells.
Aiming: Searing Ray (safe; 1% risk of failure)
Press: ? - help, Shift-Dir - straight line, f - Pikel
Aim: Pikel, wielding a +1 whip of flaming and wearing a +0 robe (74% to hit)
The searing ray hits Pikel but does no damage. (Press . to maintain the ray.) Pikel hits you with a +1 whip of flaming!
* * * LOW HITPOINT WARNING * * *
Pikel burns you.
* * * LOW HITPOINT WARNING * * *
The searing ray hits Pikel!
Pikel is lightly wounded.
Pikel hits you with a +1 whip of flaming!
* * * LOW HITPOINT WARNING * * *
Pikel burns you.
* * * LOW HITPOINT WARNING * * *
The searing ray misses Pikel.
Pikel says, "You'll feel the lick of my whip!"
Pikel hits you with a +1 whip of flaming!
You die...

............# #.#
....###.....# #.# .####
#.....# ###.##### .#
####### #...)...# .#
#.#.###.# #### #.#.###.#
...# #.#..##.# ##.#
#.##.##.# ##.##########
#@##.##.#
............####.K.....#
##.########...(.....####
##.# ########### ..[#
#### ..# #.# #.#


You could see Pikel.

Vanquished Creatures
  A lemure (D:3)
  4 adders
  3 gnolls (D:3)
  A white imp (D:3)
  An adder skeleton (D:4)
  2 worms (D:2)
  3 dart slugs
  An orc (D:3)
  4 endoplasms
  6 giant cockroaches
  4 goblins
  3 hobgoblins
  8 jackals
  4 quokkas
  2 ball pythons (D:4)
  7 bats
  4 frilled lizards
  5 kobolds
  6 rats
69 creatures vanquished.

Notes
Turn   | Place    | Note
-------+----------+-------------------------------------------
     0 | D:1      | pkoi the Draconian Conjurer began the quest for the Orb.
     0 | D:1      | Reached XP level 1. HP: 14/14 MP: 3/3
   169 | D:1      | Reached XP level 2. HP: 20/20 MP: 0/5
  1088 | D:1      | Found a faded altar of an unknown god.
  1269 | D:1      | Reached skill level 5 in Conjurations
  1505 | D:1      | Learned a level 2 spell: Searing Ray
  1564 | D:1      | Reached XP level 3. HP: 26/26 MP: 4/6
  2425 | D:2      | Reached XP level 4. HP: 30/33 MP: 1/7
  3070 | D:2      | You fall into a shaft and drop 2 floors!
  3098 | D:4      | Noticed Menkaure
  3400 | D:4      | Learned a level 4 spell: Iskenderun's Mystic Blast
  4258 | D:3      | Reached skill level 6 in Conjurations
  4258 | D:3      | Reached skill level 1 in Translocations
  4442 | D:3      | Reached XP level 5. HP: 38/38 MP: 3/8
  5107 | D:4      | Noticed Pikel
  5107 | D:4      | Noticed a lemure
  5107 | D:4      | Noticed a lemure
  5107 | D:4      | Noticed a lemure
  5107 | D:4      | Noticed a lemure
  5114 | D:3      | Killed a lemure
  6260 | D:3      | Slain by Pikel

Illustrated notes

Levels and vault maps discovered:
D:1:      dpeg_arrival_tiny_d, layout_basic, ebering_ecumenical_altar_webs,
          minmay_pentomino_w4
D:2:      layout_basic
D:3:      layout_loops_cross, hangedman_abyss_or_decor_lesser_grid
D:4:      nicolae_cairo_tiling, layout_basic, minmay_misc_feat_diagonals,
          uniq_pikel, uniq_menkaure

Skill      XL: |  1  2  3  4 |
---------------+-------------+-----
Conjurations   | 5 6 |  6.1
Translocations | 1 |  1.7
Dodging        | |  1.7
Stealth        | |  1.7
Spellcasting   | |  2.0

Action                   |  1- 3 |  4- 6 || total
-------------------------+-------+-------++-------
Melee: Tailslap          |     7 |       ||     7
       Unarmed           |     1 |       ||     1
       Dagger            |    42 |     3 ||    45
       Punch             |     1 |       ||     1
 Cast: Magic Dart        |    84 |    64 ||   148
       Searing Ray       |       |     4 ||     4
Armor: Skin              |    25 |     7 ||    32
Dodge: Dodged            |    45 |     9 ||    54
